 Dungeon Crawl Stone Soup version 0.31-a0-840-g6d2ecbb638 (webtiles) character file.

Game seed: 931171064075430591

325 Ijustatesigmund the Magician (level 6, -4/36 HPs)
             Began as a Deep Elf Fire Elementalist on Sept 27, 2023.
             Killed by divine providence
             ... invoked by an orc priest
              (13 damage)
             ... on level 4 of the Dungeon.
             The game lasted 00:05:48 (4292 turns).

Ijustatesigmund the Magician (DEFE)                 Turns: 4292, Time: 00:05:49

Health: -4/36      AC:  3    Str:  5    XL:     6   Next: 24%
Magic:  11/15      EV: 12    Int: 22    God:
Gold:   254        SH:  0    Dex: 15    Spells: 8/15 levels left

rFire   . . .        c - +2 hand axe (freeze)
rCold   . . .        (no shield)
rNeg    . . .        a - +0 robe
rPois   +            (no helmet)
rElec   .            (no cloak)
rCorr   .            (no gloves)
SInv    .            m - +0 pair of boots
Will    .....        h - amulet of regeneration
Stlth   ++           o - ring of poison resistance
HPRegen 1.06/turn    (no ring)
MPRegen 0.14/turn

%: no passive effects
@: no status effects
A: no striking features
a: no special abilities


You were on level 4 of the Dungeon.
You visited 1 branch of the dungeon, and saw 4 of its levels.

You collected 254 gold pieces.

Inventory:

Hand Weapons
 c - a +2 hand axe of freezing (weapon)
Armour
 a - a +0 robe (worn)
 m - a +0 pair of boots (worn)
Jewellery
 h - an amulet of regeneration (around neck)
 o - a ring of poison resistance (left hand)
Scrolls
 f - a scroll of vulnerability {unknown}
 i - 3 scrolls of fear {unknown}
 k - a scroll of silence {unknown}
 l - a scroll of revelation {unknown}
 p - a scroll of identify {unknown}
Potions
 b - a potion of magic
 d - 3 potions of heal wounds {unknown}
 e - a potion of degeneration {unknown}
 g - a potion of curing
 j - 2 potions of cancellation
 n - a potion of brilliance {unknown}
 q - 2 potions of enlightenment {unknown}
 r - a potion of lignification {unknown}


   Skills:
 + Level 2.3 Fighting
 - Level 2.4 Dodging
 - Level 2.4 Stealth
 + Level 5.0 Spellcasting
 + Level 3.5 Conjurations
 + Level 4.7 Fire Magic


You had 8 spell levels left.
You knew the following spells:

 Your Spells              Type           Power      Damage    Failure   Level
a - Foxfire               Conj/Fire      92%        2x1d8     1%          1
b - Scorch                Fire           52%        2d7       2%          2
c - Flame Wave            Conj/Fire      23%        2d8       19%         4

Your spell library contained the following spells:

 Spells                   Type           Power      Damage    Failure   Level
 Necrotise                Necr           20%        1d5       10%         1
 Inner Flame              Hex/Fire       16%        N/A       12%         3
 Volatile Blastmotes      Fire/Tloc      32%        2d12      12%         3
 Vampiric Draining        Necr           5%         2d6       30%         3
 Agony                    Necr           5%         N/A       95%         5


Dungeon Overview and Level Annotations

Branches:
Dungeon (4/15)
 Temple: D:4-7

Altars:
Sif Muna


Message History

Confirm with . or Enter, or press ? or * to list all spells.
You conjure some foxfire!
The foxfire hits something. x2
An orc priest comes into view. It is wielding a +0 hand axe.
Casting: Foxfire (safe; 1% risk of failure)
Confirm with . or Enter, or press ? or * to list all spells.
You conjure some foxfire!
The orc priest shouts!
The foxfire hits something.
The foxfire hits something but does no damage.
The orc priest calls down the wrath of Beogh upon you.
Beogh smites you!
Casting: Foxfire (safe; 1% risk of failure)
Confirm with . or Enter, or press ? or * to list all spells.
You conjure some foxfire!
Something hits you.
The foxfire hits something. x2
Reactivating autopickup.
You feel a bit more experienced.
The orc priest calls down the wrath of Beogh upon you.
Pain shoots through your body!
* * * LOW HITPOINT WARNING * * *
Casting: Foxfire (safe; 1% risk of failure)
Confirm with . or Enter, or press ? or * to list all spells.
You conjure some foxfire!
The foxfire hits the orc priest.
The orc priest is moderately wounded.
The foxfire hits the orc priest.
The orc priest is moderately wounded.
The orc priest invokes the aid of Beogh against you.
Beogh smites you!
* * * LOW HITPOINT WARNING * * *
It was a potion of cancellation.
You feel magically purged. The orc priest misses you.
The orc priest calls upon Beogh to heal the orc priest.
The orc priest is healed somewhat.
It was a potion of curing.
You feel better.
The orc priest hits you but does no damage.
The orc priest mumbles some strange prayers to Beogh against you.
Beogh smites you!
You die...

### ## ##.# ..>
.#.## #...
.>.##.... ...#.....
##........
#..o)..... #@.o.#
.. ###....# ...
###......#....
##........#.......
#.................
#................)#
..................#
.............#....#
.........##.......#


You could see 2 orc priests.

Vanquished Creatures
  2 orc priests
  Natasha (thrice) (D:3)
  3 orc wizards (D:4)
  3 gnolls (D:2)
  An adder (D:3)
  2 worms
  A dart slug (D:2)
  6 orcs
  6 endoplasms
  A giant cockroach (D:2)
  5 goblins
  3 hobgoblins
  2 quokkas
  10 ball pythons
  10 bats
  4 frilled lizards
  9 kobolds
  4 rats (D:1)
75 creatures vanquished.

Vanquished Creatures (others)
  230 foxfires
230 creatures vanquished.

Grand Total: 305 creatures vanquished

Notes
Turn   | Place    | Note
-------+----------+-------------------------------------------
     0 | D:1      | Ijustatesigmund the Deep Elf Fire Elementalist began the
                  | quest for the Orb.
     0 | D:1      | Reached XP level 1. HP: 10/10 MP: 6/6
   183 | D:1      | Reached XP level 2. HP: 15/16 MP: 5/8
   418 | D:1      | Learned a level 2 spell: Scorch
   532 | D:1      | Found a faded altar of an unknown god.
  1188 | D:1      | Reached skill level 1 in Fighting
  1252 | D:2      | Reached XP level 3. HP: 16/20 MP: 8/10
  1652 | D:2      | Reached XP level 4. HP: 25/25 MP: 5/11
  1657 | D:2      | Learned a level 4 spell: Flame Wave
  2187 | D:3      | Noticed Natasha
  2193 | D:3      | Killed Natasha
  2194 | D:3      | Reached skill level 4 in Spellcasting
  2414 | D:3      | Noticed Natasha
  2419 | D:3      | Killed Natasha
  2420 | D:3      | Reached XP level 5. HP: 30/30 MP: 7/13
  2567 | D:3      | Noticed Natasha
  2572 | D:3      | Killed Natasha
  3386 | D:4      | Found a shimmering blue altar of Sif Muna.
  3936 | D:3      | Reached XP level 6. HP: 24/35 MP: 7/15
  4101 | D:4      | Reached skill level 5 in Spellcasting
  4290 | D:4      | HP: 1/36 [orc priest/divine providence (11)]
  4292 | D:4      | Killed from afar by an orc priest

Illustrated notes

Levels and vault maps discovered:
D:1:      scummos_arrival_hexagon, layout_loops_ring,
          ebering_ecumenical_altar_rust
D:2:      layout_rooms, kennysheep_donut
D:3:      layout_basic, dreamdust_princess_bridge, uniq_natasha
D:4:      layout_cave_pools, kennysheep_little_box, led_sif_book,
          kennysheep_orc_chapel

Skill      XL: |  1  2  3  4  5  6 |
---------------+-------------------+-----
Fighting       | 1 2 |  2.3
Conjurations   | 2 3 |  3.5
Fire Magic     | 4 |  4.7
Spellcasting   | 4 5 |  5.0
Dodging        | |  2.4
Stealth        | |  2.4

Action                     |  1- 3 |  4- 6 || total
---------------------------+-------+-------++-------
  Melee: Hand axe          |     2 |       ||     2
   Cast: Foxfire           |    73 |    65 ||   138
         Scorch            |    10 |    15 ||    25
    Use: Potion            |       |     2 ||     2
   Stab: Sleeping          |     1 |       ||     1
 Armour: Robe              |     8 |    13 ||    21
  Dodge: Dodged            |    14 |     8 ||    22

Table legend: (Time is in decaauts)
 A = Elapsed time spent in this place.
 B = Non-inter-level travel time spent in this place.
 C = Inter-level travel time spent in this place.
 D = Time resting spent in this place.
 E = Time spent auto-exploring this place.
 F = Levels seen in this place.
 G = Mean time per level.
                   A        B        C        D        E       F      G
               +--------+--------+--------+--------+--------+-----+--------+
         Total |   4297 |   4180 |    117 |   1065 |   2545 |   4 | 1074.2 |
       Dungeon |   4297 |   4180 |    117 |   1065 |   2545 |   4 | 1074.2 |
               +--------+--------+--------+--------+--------+-----+--------+

Top non-repeatable levels by time:
     D:3: 1431 daAuts
     D:1: 1352 daAuts
     D:2: 827 daAuts
     D:4: 686 daAuts
